 Dungeon Crawl Stone Soup version 0.19.1 (webtiles) character file.

9023 RedPan the Archer (level 11, -8/82 HPs)
             Began as a Centaur Hunter on Dec 26, 2016.
             Was a Priest of Okawaru.
             Mangled by an unseen horror (10 damage)
             ... on level 10 of the Dungeon.
             The game lasted 00:45:46 (18808 turns).

RedPan the Archer (Centaur Hunter)                 Turns: 18808, Time: 00:45:46

Health: -8/82      AC:  8    Str: 14    XL:     11   Next: 17%
Magic:  13/13      EV: 16    Int: 10    God:    Okawaru [***...]
Gold:   434        SH:  0    Dex: 14    Spells: 0 memorised, 10 levels left

rFire  . . .     SeeInvis .     a - +2 shortbow
rCold  . . .     Gourm    .     c - +1 leather armour
rNeg   . . .     Faith    .     (shield currently unavailable)
rPois  .         Spirit   .     (no helmet)
rElec  .         Reflect  .     z - +0 cloak
rCorr  .         Harm     .     k - +0 pair of gloves
MR     .....                    (no barding)
Stlth  +.........               (no amulet)
                                (no ring)
                                p - +3 ring of evasion

@: very quick
A: hooves 3, deformed body, speed 2, tough skin 3
a: Heroism, Renounce Religion


You were on level 10 of the Dungeon.
You worshipped Okawaru.
Okawaru was most pleased with you.
You were not hungry.

You visited 2 branches of the dungeon, and saw 11 of its levels.
You also visited: Sewer.

You collected 584 gold pieces.
You spent 150 gold pieces at shops.

Inventory:

Hand Weapons
 a - a +2 shortbow (weapon)
 i - a +2 whip of venom
 x - a +1 flail of holy wrath
 K - a +0 morningstar
 L - a +2 flail of crushing
Missiles
 A - 136 arrows (quivered)
Armour
 c - a +1 leather armour (worn)
 k - a +0 pair of gloves (worn)
 z - a +0 cloak (worn)
 I - a +0 buckler
Magical Staves
 Q - an uncursed staff of fire
Rods
 J - a +2 iron rod (14/14)
   (You found it on level 6 of the Dungeon)
Jewellery
 p - a +3 ring of evasion (left hand)
 E - the ring of Beauty {Ice +Fly}
   (You acquired it on level 10 of the Dungeon)

   [ring of ice]

   It enhances your ice magic.
   It makes you vulnerable to fire.
   It protects you from cold.
   It lets you fly.
Wands
 b - a wand of lightning (4/15)
 g - a wand of teleportation (0/9)
 u - a wand of random effects (35/48)
 w - a wand of slowing (48/48)
 D - a wand of random effects (27/48)
 H - a wand of digging (16/24)
 N - a wand of heal wounds (2/9)
 U - a wand of enslavement (19/24)
Scrolls
 d - a scroll of teleportation
 e - 4 scrolls of fog
 j - 7 scrolls of remove curse
 n - 7 scrolls of identify
 y - 5 scrolls of enchant armour
 B - 3 scrolls of blinking
 F - a scroll of amnesia
 R - a scroll of recharging
Potions
 h - a potion of mutation
 l - 4 potions of agility
 o - 3 potions of brilliance {unknown}
 q - 5 potions of flight
 s - a potion of cure mutation
 v - a potion of curing
 C - a potion of might
 S - a potion of cancellation {unknown}
Books
 r - a book of Changes

   Spells                             Type                      Level
   a - Beastly Appendage              Transmutation                1
   b - Sticks to Snakes               Transmutation                2
   c - Spider Form                    Transmutation/Poison         3
   d - Ice Form                       Ice/Transmutation            4
   e - Blade Hands                    Transmutation                5
 G - a book of Callings

   Spells                             Type                      Level
   a - Summon Small Mammal            Summoning                    1
   b - Call Imp                       Summoning                    2
   c - Call Canine Familiar           Summoning                    3
   d - Summon Guardian Golem          Hexes/Summoning              3
   e - Summon Lightning Spire         Summoning/Air                4
   f - Summon Ice Beast               Ice/Summoning                4
 M - a book of Misfortune

   Spells                             Type                      Level
   a - Confusing Touch                Hexes                        1
   b - Confuse                        Hexes                        3
   c - Gell's Gravitas                Hexes/Translocation          3
   d - Petrify                        Transmutation/Earth          4
   e - Metabolic Englaciation         Hexes/Ice                    5
   f - Yara's Violent Unravelling     Hexes/Transmutation          5
Comestibles
 f - 5 bread rations
 m - 6 meat rations
 t - 3 slices of pizza
 O - 3 beef jerkies
 P - 2 fruits
 T - 6 chunks of flesh


   Skills:
 - Level 3.0 Fighting
 - Level 9.2 Maces & Flails
 + Level 12.3 Bows
 + Level 3.9 Armour
 - Level 7.0 Dodging
 - Level 0.4 Stealth
 - Level 1.0 Shields
 - Level 3.1 Invocations


You had 10 spell levels left.
You didn't know any spells.

Dungeon Overview and Level Annotations

Branches:
Dungeon (10/15)            Temple (1/1) D:7
   Lair: D:8-11         Orc: D:9-12

Altars:
Ashenzari
Cheibriados
Dithmenos
Elyvilon
Fedhas
Gozag
Hepliaklqana
Kikubaaqudgha
Makhleb
Nemelex Xobeh
Okawaru
Qazlal
Ru
Sif Muna
Trog
Uskayaw
Vehumet
Xom
Yredelemnul
Zin
The Shining One

Shops:
D:4 !   D:6 (   D:8 %

Annotations:
D:6 lupus83's ghost, novice CeHu


Innate Abilities, Weirdness & Mutations

You have hooves in place of feet.
Armour fits poorly on your strangely shaped body.
You cover ground very quickly.
You have extremely tough skin. (AC +3)


Message History

Something hits you.
* * * LOW HITPOINT WARNING * * *
There is an open door here.
Something hits you!
* * * LOW HITPOINT WARNING * * *
Firing (i - inventory):
A - 138 arrows (quivered)
Press: ? - help, Shift-Dir - straight line, f/p - hill giant
Aim: a hill giant, wielding a giant club (heavily wounded)
You shoot an arrow.
The arrow completely misses the hill giant.
Something hits you but does no damage.
Firing (i - inventory):
A - 137 arrows (quivered)
Press: ? - help, Shift-Dir - straight line, f/p - hill giant
Aim: a hill giant, wielding a giant club (moderately wounded)
You shoot an arrow. The arrow hits the hill giant!
The hill giant is heavily wounded.
Something hits you.
* * * LOW HITPOINT WARNING * * *
Something hits you!
You die...

.#.....#....# ##.....#....#
.....†.'....# .......#....#
############ .......#....#
#....#.....# .###+###....#
#....#.....#
.+.....'....###+###....((....#
.#.....######.....C(..(#(....#
##.....#........@.#....#.....#
.......#..........######.....#
.......#..........'....#.....#
.......#..........#....#.....#
.......#....#.....#.(..#....!#
.#.....#....#.)...#....#.....#
.#.....#....#.....#....#
.#.....#....#.....#....#
.#.....#....#.....#....#


You could see a hill giant.

Vanquished Creatures
  A cyclops (D:7)
  2 centaur zombies
  2 trolls (D:9)
  A two-headed ogre (D:10)
  A hornet (D:9)
  A hippogriff (D:10)
  A wyvern (D:9)
  A wraith (D:10)
  2 hungry ghosts
  A soldier ant (D:10)
  2 water moccasins
  Duvessa (D:6)
  2 black bears
  2 sky beasts
  6 ogres
  3 necrophages (D:7)
  An eye of draining (D:9)
  2 orc warriors
  A phantom (D:8)
  6 centaurs
  2 big kobolds
  6 bullfrogs
  Dowan (D:6)
  The ghost of asegelite the Skirmisher, a weakling OgMo of Elyvilon (D:3)
  A wyvern skeleton (D:10)
  5 scorpions
  8 wights
  11 killer bees
  2 howler monkeys
  5 crimson imps
  9 orc priests
  2 jellies
  A bullfrog skeleton (D:5)
  Crazy Yiuf (D:4)
  11 hounds
  2 iguanas
  Jessica (D:3)
  2 gnoll shamans
  16 orc wizards
  7 worker ants
  2 hound zombies
  A worker ant zombie (D:7)
  14 adders
  52 gnolls
  2 river rats
  4 shadow imps
  2 adder skeletons
  4 worms
  2 dart slugs
  8 leopard geckos
  47 orcs
  6 ball pythons (D:3)
  3 bats
  10 giant cockroaches
  4 goblins
  9 hobgoblins
  19 jackals
  5 quokkas
  7 frilled lizards
  A giant cockroach zombie (D:5)
  15 kobolds
  A leopard gecko skeleton (D:5)
  A quokka skeleton (D:4)
  13 rats
365 creatures vanquished.

Vanquished Creatures (others)
  A plant (D:3)
  5 toadstools (D:1)
6 creatures vanquished.

Grand Total: 371 creatures vanquished

Notes
Turn   | Place    | Note
-------+----------+-------------------------------------------
     0 | D:1      | RedPan the Centaur Hunter began the quest for the Orb.
     0 | D:1      | Reached XP level 1. HP: 17/17 MP: 1/1
   174 | D:1      | Reached XP level 2. HP: 20/24 MP: 2/2
   191 | D:1      | Reached skill level 6 in Bows
   489 | D:2      | Reached XP level 3. HP: 26/29 MP: 3/3
   648 | D:2      | Reached skill level 7 in Bows
  1011 | D:3      | Reached XP level 4. HP: 36/36 MP: 4/4
  1058 | D:3      | Found a glowing drain.
  1080 | D:3      | Reached skill level 8 in Bows
  1102 | Sewer    | Entered a sewer
  1230 | Sewer    | Noticed a big kobold
  1259 | Sewer    | Killed a big kobold
  1259 | Sewer    | Reached XP level 5. HP: 24/41 MP: 5/5
  1261 | Sewer    | Reached skill level 9 in Bows
  1416 | Sewer    | Found a glowing silver altar of Zin.
  1513 | D:3      | Found a sparkling altar of Nemelex Xobeh.
  1513 | D:3      | Noticed Jessica
  1517 | D:3      | Killed Jessica
  1820 | D:3      | Noticed asegelite's ghost (weakling OgMo)
  1846 | D:3      | Killed asegelite's ghost
  1846 | D:3      | Reached XP level 6. HP: 23/48 MP: 6/6
  2266 | D:3      | Reached skill level 10 in Bows
  2504 | D:3      | HP: 1/48 [gnoll/spear (4)]
  3030 | D:3      | Reached XP level 7. HP: 30/55 MP: 7/7
  3046 | D:3      | Reached skill level 1 in Maces & Flails
  3683 | D:3      | Reached skill level 11 in Bows
  5307 | D:3      | Reached XP level 8. HP: 55/61 MP: 8/8
  5442 | D:4      | Found Jeoppo's Distillery.
  5446 | D:4      | Bought a potion of mutation for 30 gold pieces
  5446 | D:4      | Bought a potion of heal wounds for 60 gold pieces
  5446 | D:4      | Bought a potion of heal wounds for 60 gold pieces
  5846 | D:4      | Reached skill level 12 in Bows
  6284 | D:4      | Found a runed door.
  6356 | D:4      | Noticed Crazy Yiuf
  6368 | D:4      | Killed Crazy Yiuf
  7280 | D:5      | Entered Level 5 of the Dungeon
  7447 | D:5      | Reached skill level 5 in Maces & Flails
  8140 | D:5      | Reached XP level 9. HP: 35/67 MP: 9/9
  8619 | D:6      | Noticed Dowan
  8622 | D:6      | Noticed Duvessa
  9063 | D:6      | Noticed lupus83's ghost (novice CeHu)
  9445 | D:6      | Found Hushin's Weapon Boutique.
 10224 | D:6      | Killed Duvessa
 10239 | D:6      | Killed Dowan
 10765 | D:6      | Reached skill level 5 in Dodging
 11445 | D:7      | Found a staircase to the Ecumenical Temple.
 11458 | Temple   | Entered the Ecumenical Temple
 11564 | Temple   | Became a worshipper of Warmaster Okawaru
 12212 | D:7      | Noticed a cyclops
 12230 | D:7      | Killed a cyclops
 12457 | D:7      | Reached XP level 10. HP: 68/73 MP: 10/10
 12481 | D:7      | Reached * piety under Okawaru
 13932 | D:8      | Reached ** piety under Okawaru
 13932 | D:8      | Reached skill level 1 in Invocations
 15094 | D:8      | Found Vuvu's Food Shop.
 15161 | D:8      | Found a basalt altar of Yredelemnul.
 15345 | D:9      | Reached skill level 1 in Armour
 16640 | D:9      | Reached skill level 1 in Shields
 16715 | D:9      | Reached *** piety under Okawaru
 17695 | D:9      | Reached XP level 11. HP: 82/82 MP: 1/13
 18004 | D:10     | Entered Level 10 of the Dungeon
 18024 | D:10     | Found an ancient bone altar of Kikubaaqudgha.
 18047 | D:10     | Identified a scroll of acquirement
 18048 | D:10     | Got a pitted bone ring
 18049 | D:10     | Identified the ring of Beauty {Ice +Fly} (You acquired it on level 10 of the Dungeon)
 18791 | D:10     | Noticed a hill giant
 18805 | D:10     | HP: 4/82 [something (11)]
 18808 | D:10     | Mangled by an unseen horror

Skill      XL: |  1  2  3  4  5  6  7  8  9 10 |
---------------+-------------------------------+-----
Bows           | 6 7 8 9 10 11 12 | 12.3
Maces & Flails | 3 5 8 9 |  9.2
Dodging        | 3 5 7 |  7.0
Fighting       | 3 |  3.0
Invocations    | 3 |  3.1
Armour         | 3 |  3.9
Shields        | 1 |  1.0
Stealth        | |  0.4

Action                   |  1- 3 |  4- 6 |  7- 9 | 10-12 || total
-------------------------+-------+-------+-------+-------++-------
Melee: Whip              |    55 |   186 |   558 |   505 ||  1304
       Kick              |    12 |    38 |   139 |   120 ||   309
       Shortbow          |       |       |       |     1 ||     1
 Fire: Shortbow          |    19 |    59 |   209 |   249 ||   536
Evoke: Wand              |       |       |       |     2 ||     2
  Use: Scroll            |     3 |     3 |       |    10 ||    16
       Potion            |     3 |     2 |     8 |     9 ||    22
 Stab: Invisible         |       |       |     4 |       ||     4
  Eat: Chunk             |       |     6 |    25 |     8 ||    39
       Pizza             |       |       |     1 |       ||     1
       Fruit             |       |       |       |     3 ||     3
       Bread ration      |       |       |       |     2 ||     2
       Meat ration       |       |       |       |     1 ||     1
       Beef jerky        |       |       |       |     1 ||     1
Armor: Leather armour    |    19 |    74 |   121 |   110 ||   324
Dodge: Dodged            |    19 |   179 |   352 |   355 ||   905
Block: Buckler           |       |       |       |     1 ||     1
